 Dungeon Crawl Stone Soup version 0.21.1 (webtiles) character file.

125 tidbits the Charmwright (level 5, 0/43 HPs)
             Began as a Gnoll Skald on Feb 2, 2018.
             Slain by a phantom (6 damage)
             ... on level 5 of the Dungeon.
             The game lasted 00:04:38 (535 turns).

tidbits the Charmwright (Gnoll Skald)                Turns: 535, Time: 00:04:39

Health: 0/43       AC:  3    Str: 14    XL:     5   Next: 9%
Magic:  9/12       EV: 14    Int: 16    God:
Gold:   65         SH:  0    Dex: 14    Spells: 6/14 levels left

rFire    . . .     SeeInvis .   a - +1 hand axe
rCold    . . .     Gourm    .   (no shield)
rNeg     . . .     Faith    .   p - +0 leather armour
rPois    .         Spirit   .   (no helmet)
rElec    .         Reflect  .   (no cloak)
rCorr    .         Harm     .   (no gloves)
MR       .....                  (no boots)
Stlth    ++........             (no amulet)
HPRegen  0.14/turn              (no ring)
MPRegen  0.13/turn              (no ring)

@: infused
A: distributed training, fangs 1, strong nose
a: no special abilities


You were on level 5 of the Dungeon.
You were full.

You visited 1 branch of the dungeon, and saw 6 of its levels.

You collected 65 gold pieces.

Inventory:

Hand Weapons
 a - a +1 hand axe (weapon)
 b - a +0 dagger
Missiles
 g - 7 needles of confusion
Armour
 p - a +0 leather armour (worn)
Scrolls
 e - a scroll of noise {unknown}
 f - 2 scrolls of identify {unknown}
 h - a scroll of amnesia {unknown}
 i - 2 scrolls of fear {unknown}
 k - 2 scrolls of enchant weapon
 l - a scroll of immolation {unknown}
Potions
 o - a potion of might {unknown}
Books
 d - a book of Battle

   Spells                             Type                      Level
   a - Infusion                       Charms                       1
   b - Shroud of Golubria             Charms/Translocation         2
   c - Song of Slaying                Charms                       2
   d - Spectral Weapon                Hexes/Charms                 3
   e - Regeneration                   Charms/Necromancy            3
Comestibles
 c - 5 rations


   Skills:
 + Level 4.7 Fighting
 + Level 1.3 Short Blades
 + Level 1.3 Long Blades
 + Level 4.7 Axes
 + Level 1.3 Maces & Flails
 + Level 1.3 Polearms
 + Level 1.3 Staves
 + Level 1.3 Slings
 + Level 1.3 Bows
 + Level 1.3 Crossbows
 + Level 1.3 Throwing
 + Level 2.8 Armour
 + Level 4.7 Dodging
 + Level 1.3 Stealth
 + Level 1.3 Shields
 + Level 1.3 Unarmed Combat
 + Level 5.1 Spellcasting
 + Level 1.0 Conjurations
 + Level 1.0 Hexes
 + Level 5.5 Charms
 + Level 1.0 Summonings
 + Level 1.0 Necromancy
 + Level 1.0 Translocations
 + Level 1.0 Transmutations
 + Level 1.0 Fire Magic
 + Level 1.0 Ice Magic
 + Level 1.0 Air Magic
 + Level 1.0 Earth Magic
 + Level 1.0 Poison Magic
 + Level 1.4 Invocations
 + Level 1.3 Evocations


You had 6 spell levels left.
You knew the following spells:

 Your Spells              Type           Power        Failure   Level  Hunger
g - Shroud of Golubria    Chrm/Tloc      ##........   7%          2    #......
i - Infusion              Chrm           ###.         1%          1    None
r - Regeneration          Chrm/Necr      ##........   14%         3    ###....
y - Song of Slaying       Chrm           ###.....     2%          2    #......


Dungeon Overview and Level Annotations

Branches:
Dungeon (6/15)
 Temple: D:4-7

Altars:

Annotations:
D:4 Dirian's ghost, novice MiFi
D:6 rlgrobin's ghost, novice DsMo


Innate Abilities, Weirdness & Mutations

Your experience applies equally to all skills.
You have very sharp teeth.
Your uncanny sense of smell can sniff out nearby items.


Message History

n - a smoky grey potion The adder hisses angrily.
You hit the adder.
The adder is heavily wounded.
The adder closely misses you. The adder bites you.
* * * LOW HITPOINT WARNING * * *
You are poisoned.
The adder poisons you!
You miss the adder.
The adder is heavily wounded.
You feel sick. The adder bites you.
* * * LOW HITPOINT WARNING * * *
You closely miss the adder.
The adder is heavily wounded.
The adder bites you.
* * * LOW HITPOINT WARNING * * *
You are more poisoned.
The adder poisons you!
You hit the adder.
You kill the adder!
You have reached level 5!
You feel sick.
It was a potion of flight.
You feel very buoyant.
You fly up into the air.
It was a potion of invisibility.
You fade into invisibility!
You feel sick.
You are very lightly contaminated with residual magic.
It was a potion of brilliance.
You feel clever all of a sudden.
It was a potion of curing.
You feel better.
You see here an adder corpse.
Your magical infusion is running out.
You see here a ration.
You eat the ration.
That ration really hit the spot!
You are no longer magically infusing your attacks.
You reach down and open the large door.
Found a ring mail, a scroll labeled ZYAJIDW AWIFI and a ration.
Unknown command.
A giant cockroach comes into view.
There is a large open door here.
You hit the giant cockroach but do no damage.
The giant cockroach closely misses you.
You closely miss the giant cockroach. The giant cockroach barely misses you.
You strike the helpless giant cockroach from behind!
You hit the giant cockroach.
You kill the giant cockroach!
You see here a giant cockroach corpse.
Things that are here:
a scroll labeled ZYAJIDW AWIFI; a ration
i - a scroll labeled ZYAJIDW AWIFI;
c - 4 rations (gained 1)
You see here a ration.
c - 5 rations (gained 1)
You reach down and open the large door.
There is a large open door here.
You feel a little less clever now.
You flicker for a moment.
You are starting to lose your buoyancy.
You flicker back into view.
You float gracefully downwards.
Found a scroll labeled ZYAJIDW AWIFI.
Found a scale mail.
You see here a scale mail.
You see here a scroll labeled ZYAJIDW AWIFI.
i - 2 scrolls labeled ZYAJIDW AWIFI (gained 1)
Found a scroll labeled QAUFUJUROGE.
You see here a scroll labeled QAUFUJUROGE.
f - 2 scrolls labeled QAUFUJUROGE (gained 1)
Your magical contamination has completely faded away.
Found 2 potions of brilliance and a scroll labeled AHYBISK KECW.
A phantom comes into view.
The phantom hits you.
Casting: Infusion
Confirm with . or Enter, or press ? or * to list all spells.
You don't know that spell.
Okay, then.
You hit the phantom.
The phantom is lightly damaged.
The phantom closely misses you.
Casting: Infusion
Confirm with . or Enter, or press ? or * to list all spells.
You begin infusing your attacks with magical energy.
The phantom hits you!
You slash the phantom!
The phantom is moderately damaged.
The phantom hits you.
* * * LOW HITPOINT WARNING * * *
You hit the phantom.
The phantom is moderately damaged.
The phantom hits you!
* * * LOW HITPOINT WARNING * * *
You barely miss the phantom.
The phantom is moderately damaged.
The phantom hits you!
* * * LOW HITPOINT WARNING * * *
You barely miss the phantom.
The phantom is moderately damaged.
The phantom hits you.
You die...

#..# .#<# ##..#
#.#†### #...# ##.#....
## #...# #.....#.
###?###.#.#####..#..#.
....................#.
###.###.#..####..#..#.
#..!.......# #.....#.
###.W@..#### ##.#..#.
#.##### #.#..#. ...
#.#..#. ###. #.##.#.
#. #.##.#. #. #.##.#.
#. #...... #. #.##.#.
#######


You could see a phantom.

Vanquished Creatures
  A howler monkey (D:4)
  A crimson imp (D:5)
  A worker ant (D:5)
  2 adders
  A dart slug (D:1)
  A giant cockroach (D:5)
  A hobgoblin (D:1)
  A quokka (D:4)
  A bat (D:2)
  A frilled lizard (D:6)
  3 goblins
  A kobold (D:1)
15 creatures vanquished.

Notes
Turn   | Place    | Note
-------+----------+-------------------------------------------
     0 | D:1      | tidbits the Gnoll Skald began the quest for the Orb.
     0 | D:1      | Reached XP level 1. HP: 20/20 MP: 6/6
   143 | D:1      | Reached XP level 2. HP: 26/26 MP: 3/7
   147 | D:1      | Learned a level 2 spell: Song of Slaying
   150 | D:1      | Learned a level 2 spell: Shroud of Golubria
   290 | D:4      | Noticed a howler monkey
   298 | D:4      | Killed a howler monkey
   298 | D:4      | Reached skill level 1 in Short Blades
   298 | D:4      | Reached skill level 1 in Long Blades
   298 | D:4      | Reached skill level 1 in Maces & Flails
   298 | D:4      | Reached skill level 1 in Polearms
   298 | D:4      | Reached skill level 1 in Staves
   298 | D:4      | Reached skill level 1 in Slings
   298 | D:4      | Reached skill level 1 in Bows
   298 | D:4      | Reached skill level 1 in Crossbows
   298 | D:4      | Reached skill level 1 in Throwing
   298 | D:4      | Reached skill level 1 in Stealth
   298 | D:4      | Reached skill level 1 in Shields
   298 | D:4      | Reached skill level 1 in Unarmed Combat
   298 | D:4      | Reached skill level 5 in Spellcasting
   298 | D:4      | Reached skill level 1 in Invocations
   298 | D:4      | Reached skill level 1 in Evocations
   298 | D:4      | Reached XP level 3. HP: 21/31 MP: 1/9
   301 | D:4      | Noticed an ogre
   304 | D:4      | Learned a level 3 spell: Regeneration
   309 | D:4      | Noticed Dirian's ghost (novice MiFi)
   309 | D:5      | Entered Level 5 of the Dungeon
   323 | D:5      | Reached XP level 4. HP: 9/38 MP: 1/11
   381 | D:6      | Noticed rlgrobin's ghost (novice DsMo)
   389 | D:5      | Reached skill level 1 in Conjurations
   389 | D:5      | Reached skill level 1 in Hexes
   389 | D:5      | Reached skill level 1 in Summonings
   389 | D:5      | Reached skill level 1 in Necromancy
   389 | D:5      | Reached skill level 1 in Translocations
   389 | D:5      | Reached skill level 1 in Transmutations
   389 | D:5      | Reached skill level 1 in Fire Magic
   389 | D:5      | Reached skill level 1 in Ice Magic
   389 | D:5      | Reached skill level 1 in Air Magic
   389 | D:5      | Reached skill level 1 in Earth Magic
   389 | D:5      | Reached skill level 1 in Poison Magic
   403 | D:5      | Reached XP level 5. HP: 7/43 MP: 5/12
   528 | D:5      | Noticed a phantom
   535 | D:5      | Slain by a phantom

Skill      XL: |  1  2  3  4 |
---------------+-------------+-----
Short Blades   | 1 |  1.3
Long Blades    | 1 |  1.3
Maces & Flails | 1 |  1.3
Polearms       | 1 |  1.3
Staves         | 1 |  1.3
Slings         | 1 |  1.3
Bows           | 1 |  1.3
Crossbows      | 1 |  1.3
Throwing       | 1 |  1.3
Stealth        | 1 |  1.3
Shields        | 1 |  1.3
Unarmed Combat | 1 |  1.3
Spellcasting   | 5 |  5.1
Invocations    | 1 |  1.4
Evocations     | 1 |  1.3
Conjurations   | 1 |  1.0
Hexes          | 1 |  1.0
Summonings     | 1 |  1.0
Necromancy     | 1 |  1.0
Translocations | 1 |  1.0
Transmutations | 1 |  1.0
Fire Magic     | 1 |  1.0
Ice Magic      | 1 |  1.0
Air Magic      | 1 |  1.0
Earth Magic    | 1 |  1.0
Poison Magic   | 1 |  1.0
Fighting       | |  4.7
Axes           | |  4.7
Armour         | |  2.8
Dodging        | |  4.7
Charms         | |  5.5

Action                   |  1- 3 |  4- 6 || total
-------------------------+-------+-------++-------
Melee: Hand axe          |    37 |    18 ||    55
       Bite              |     5 |     1 ||     6
       Unarmed           |     4 |       ||     4
Throw: Throwing net      |     1 |       ||     1
 Cast: Infusion          |     5 |     2 ||     7
  Use: Potion            |     1 |     4 ||     5
       Scroll            |       |     1 ||     1
 Stab: Sleeping          |     1 |       ||     1
       Invisible         |       |     1 ||     1
  Eat: Ration            |       |     1 ||     1
Armor: Leather armour    |     5 |     1 ||     6
       Skin              |     3 |       ||     3
Dodge: Dodged            |    22 |     7 ||    29

Table legend:
 A = Turns spent in this place as a percentage of turns spent in the entire game.
 B = Non-inter-level travel turns spent in this place as a percentage of non-inter-level travel turns spent in the entire game.
 C = Inter-level travel turns spent in this place as a percentage of turns spent in this place.
 D = Turns resting spent in this place as a percentage of non-inter-level travel turns spent in this place.
 E = Turns spent auto-exploring this place as a percentage of non-inter-level travel turns spent in this place.
 F = Non-inter-level travel turns spent in this place divided by the number of levels of this place that you've seen.
                   A       B       C       D       E      F
               +-------+-------+-------+-------+-------+----------------------
         Total | 100.0 | 100.0 |   0.0 |   0.0 |   0.0 |  89.2
       Dungeon | 100.0 | 100.0 |   0.0 |   0.0 |   0.0 |  89.2
               +-------+-------+-------+-------+-------+----------------------

Table legend:
 A = Kills in this place as a percentage of kills in entire the game.
 B = Kills by you in this place as a percentage of kills by you in the entire game.
 C = Kills by friends in this place as a percentage of kills by friends in the entire game.
 D = Other kills in this place as a percentage of other kills in the entire game.
 E = Experience gained in this place as a percentage of experience gained in the entire game.
 F = Experience gained in this place divided by the number of levels of this place that you have seen.
                   A       B       C       D       E      F
               +-------+-------+-------+-------+-------+----------------------
         Total | 100.0 | 100.0 |   N/A |   N/A | 100.0 |  29.8
       Dungeon | 100.0 | 100.0 |   N/A |   N/A | 100.0 |  29.8
               +-------+-------+-------+-------+-------+----------------------

Vault maps used:
D:1:      mainiacjoe_arrival_reflecting_pool
D:2:      minmay_splitting_lines, uniq_terence
D:3:      lemuel_round_altar, kiku_gazebo_pond_becter, first_ration
D:4:      small_statue_intersection, uniq_eustachio
D:5:      minmay_misc_feat_enclosed, kennysheep_generic_room_5
D:6:      grunt_temple_overflow_open, nrook_pool_corridor, st_stairs_8,
          fedhas_altar_4
